 Dungeon Crawl Stone Soup version 0.29-a0-512-gf59ac788ac (webtiles) character file.

Game seed: 9292982243086806592

19 pokeman the Magician (level 2, 0/16 HPs)
             Began as a Deep Elf Hedge Wizard on May 29, 2022.
             Slain by an adder (4 damage)
             ... on level 2 of the Dungeon.
             The game lasted 00:02:06 (1072 turns).

pokeman the Magician (Deep Elf Hedge Wizard)        Turns: 1072, Time: 00:02:07

Health: 0/16       AC:  3    Str: 13    XL:     2   Next: 55%
Magic:  0/9        EV: 12    Int: 18    God:
Gold:   56         SH:  0    Dex: 14    Spells: 9/10 levels left

rFire   . . .      SeeInvis .   f - +0 hand crossbow
rCold   . . .      Faith    .   (no shield)
rNeg    . . .      Spirit   .   e - +0 leather armour
rPois   .          Reflect  .   c - +0 hat
rElec   .          Harm     .   (no cloak)
rCorr   .          Rampage  .   (no gloves)
Will    .....                   (no boots)
Stlth   ++........              (no amulet)
HPRegen 0.05/turn               h - +6 ring of strength
MPRegen 0.11/turn               (no ring)

@: lethally poisoned (0 -> -9)
A: no striking features
a: no special abilities


You were on level 2 of the Dungeon.
You visited 1 branch of the dungeon, and saw 2 of its levels.

You collected 56 gold pieces.

Inventory:

Hand Weapons
 f - a +0 hand crossbow (weapon)
Missiles
 g - 3 throwing nets
Armour
 c - a +0 hat (worn)
 e - a +0 leather armour (worn)
Jewellery
 h - a +6 ring of strength (left hand)
Scrolls
 a - a scroll of enchant armour {unknown}
 b - a scroll of teleportation {unknown}
 i - a scroll of magic mapping {unknown}
 j - a scroll of poison {unknown}
Potions
 d - a potion of magic


   Skills:
 + Level 0.5 Fighting
 + Level 0.5 Armour
 - Level 2.4 Dodging
 - Level 2.4 Stealth
 * Level 4.9 Spellcasting
 + Level 1.5 Conjurations
 - Level 1.1 Summonings
 - Level 1.1 Translocations


You had 9 spell levels left.
You knew the following spells:

 Your Spells              Type           Power      Damage    Failure   Level
a - Magic Dart            Conj           40%        1d5       9%          1

Your spell library contained the following spells:

 Spells                   Type           Power      Damage    Failure   Level
 Blink                    Tloc           16%        N/A       16%         2
 Call Imp                 Summ           8%         N/A       16%         2
 Slow                     Hex            16%        N/A       17%         1
 Conjure Flame            Conj/Fire      7%         6-21      36%         3
 Mephitic Cloud           Conj/Pois/Air  6%         N/A       38%         3
 Summon Ice Beast         Ice/Summ       6%         N/A       80%         4
 Summon Mana Viper        Hex/Summ       6%         N/A       98%         5
 Monstrous Menagerie      Summ           4%         N/A       100%        7


Dungeon Overview and Level Annotations

Branches:
Dungeon (2/15)

Altars:


Message History

Press: ? - help, Q - select action, (/) - cycle Shift-Dir - straight line, f/p - adder
Aim: an adder (40% to hit)
You shoot a bolt. The bolt closely misses the adder.
The adder barely misses you. The adder misses you.
Your magical contamination has completely faded away.
Shoot: f) +0 hand crossbow
Press: ? - help, Q - select action, (/) - cycle Shift-Dir - straight line, f/p - adder
Aim: an adder (40% to hit)
You shoot a bolt. The bolt hits the adder.
The adder is lightly wounded.
The adder bites you but does no damage. x2
Shoot: f) +0 hand crossbow
Press: ? - help, Q - select action, (/) - cycle Shift-Dir - straight line, f/p - adder
Aim: an adder (lightly wounded, 40% to hit)
You shoot a bolt. The bolt closely misses the adder.
The adder bites you.
You are poisoned.
The adder poisons you! The adder bites you.
You are lethally poisoned!
The adder poisons you!
Casting: Magic Dart (safe; 9% risk of failure)
Confirm with . or Enter, or press ? or * to list all spells.
Aiming: Magic Dart (safe; 9% risk of failure)
Press: ? - help, Shift-Dir - straight line, f/p - adder
Aim: an adder (lightly wounded, 100% to hit)
The magic dart hits the adder.
The adder is heavily wounded.
You feel very sick. The adder bites you.
Casting: Magic Dart (safe; 9% risk of failure)
Confirm with . or Enter, or press ? or * to list all spells.
Aiming: Magic Dart (safe; 9% risk of failure)
Press: ? - help, Shift-Dir - straight line, f/p - adder
Aim: an adder (heavily wounded, 100% to hit)
The magic dart hits the adder.
The adder is severely wounded.
* * * LOW HITPOINT WARNING * * *
You feel very sick. The adder closely misses you. The adder bites you.
You die...

### ..# .. ##.
#S# ## #@###
#.#†#..#
#.###.#####..
##..#........
#..##.#.†..####.#
#.......####
##.#####.#
##)..## #.#
##.....###.#


You could see an adder.

Vanquished Creatures
  An endoplasm (D:1)
  3 giant cockroaches (D:2)
  2 goblins (D:1)
  3 hobgoblins (D:1)
  2 quokkas
  3 ball pythons
  A bat (D:1)
  2 frilled lizards (D:1)
17 creatures vanquished.

Notes
Turn   | Place    | Note
-------+----------+-------------------------------------------
     0 | D:1      | pokeman the Deep Elf Hedge Wizard began the quest for the
                  | Orb.
     0 | D:1      | Reached XP level 1. HP: 10/10 MP: 7/7
   232 | D:1      | Reached XP level 2. HP: 14/15 MP: 1/9
   932 | D:2      | Found a faded altar of an unknown god.
  1072 | D:2      | Slain by an adder

Illustrated notes

Levels and vault maps discovered:
D:1:      minmay_arrival_arboretum_small, layout_basic
D:2:      layout_loops_ring, nicolae_ecumenical_oubliette, minmay_pentomino_r4

Action                   || total
-------------------------++-------
 Fire: Hand crossbow     ||    14
 Cast: Magic Dart        ||    38
Armor: Leather armour    ||     7
Dodge: Dodged            ||    21

Table legend: (Time is in decaauts)
 A = Elapsed time spent in this place.
 B = Non-inter-level travel time spent in this place.
 C = Inter-level travel time spent in this place.
 D = Time resting spent in this place.
 E = Time spent auto-exploring this place.
 F = Levels seen in this place.
 G = Mean time per level.
                   A        B        C        D        E       F      G
               +--------+--------+--------+--------+--------+-----+--------+
         Total |   1078 |   1058 |     20 |     64 |    858 |   2 |  539.0 |
       Dungeon |   1078 |   1058 |     20 |     64 |    858 |   2 |  539.0 |
               +--------+--------+--------+--------+--------+-----+--------+

Top non-repeatable levels by time:
     D:1: 822 daAuts
     D:2: 256 daAuts
